 Dungeon Crawl Stone Soup version 0.31-a0-507-gbafd7f5274 (webtiles) character file.

Game seed: 14071601763663678472

586 javelincjr the Trooper (level 7, 0/55 HPs)
             Began as a Demonspawn Fighter on Aug 9, 2023.
             Killed by nerve-wracking pain
             ... invoked by Grinder
              (6 damage)
             ... on level 5 of the Dungeon.
             The game lasted 00:11:37 (4020 turns).

javelincjr the Trooper (Demonspawn Fighter)         Turns: 4020, Time: 00:11:38

Health: 0/55       AC: 10    Str: 18    XL:     7   Next: 15%
Magic:  10/10      EV:  9    Int: 10    God:
Gold:   204        SH:  8    Dex: 12    Spells: 10/10 levels left

rFire   . . .        f - +2 whip (drain)
rCold   . . .        s - +0 kite shield
rNeg    . . .        b - +0 scale mail
rPois   .            q - +0 helmet
rElec   .            (no cloak)
rCorr   .            (no gloves)
SInv    .            (no boots)
Will    .....        g - amulet of the acrobat Stlth
                     (no ring)
HPRegen 0.29/turn    (no ring)
MPRegen 0.12/turn

%: acrobat
@: no status effects
A: hooves 1, yellow scales 1, demonic magic 2
a: no special abilities


You were on level 5 of the Dungeon.
You visited 1 branch of the dungeon, and saw 5 of its levels.

You collected 204 gold pieces.

Inventory:

Hand Weapons
 a - a +0 trident
 f - a +2 whip of draining (weapon)
Armour
 b - a +0 scale mail (worn)
 c - a +0 buckler
 q - a +0 helmet (worn)
 s - a +0 kite shield (worn)
 u - a +1 ring mail of cold resistance
Magical Staves
 i - a staff of air
 o - a staff of cold
Jewellery
 g - an amulet of the acrobat (around neck)
Scrolls
 h - a scroll of revelation {unknown}
 k - a scroll of enchant weapon {unknown}
 m - 2 scrolls of teleportation
 n - a scroll of immolation {unknown}
 p - a scroll of fog {unknown}
Potions
 d - a potion of might
 e - a potion of curing
 j - a potion of resistance {unknown}
 l - 3 potions of enlightenment
 v - a potion of mutation {unknown}


   Skills:
 + Level 4.3 Fighting
 + Level 2.2 Maces & Flails
 - Level 2.3 Polearms
 + Level 3.9 Armour
 + Level 2.6 Dodging
 + Level 3.9 Shields
 + Level 2.1 Spellcasting


You had 10 spell levels left.
You didn't know any spells.
Your spell library contained the following spells:

 Spells                   Type           Power      Damage    Failure   Level
 Blink                    Tloc           2%         N/A       98%         2
 Manifold Assault         Tloc           1%         N/A       100%        4


Dungeon Overview and Level Annotations

Branches:
Dungeon (5/15)
 Temple: D:4-7

Altars:
Ashenzari

Shops:
D:1 *

Annotations:
D:5 Grinder


Innate Abilities, Weirdness & Mutations

You have large cloven feet.
You are partially covered in yellow scales. (AC +2)
Spells you cast may paralyse nearby enemies.


Message History

Press: ? - help, Q - select action Shift-Dir - straight line, f/p - Grinder
Aim: Grinder (moderately wounded, 52% to hit)
You throw a throwing net.
The throwing net closely misses Grinder.
Grinder gestures at you. Pain shoots through your body!
* * * LOW HITPOINT WARNING * * *
Grinder completely misses you.
You whack Grinder!
Grinder is moderately wounded.
Grinder hits you.
* * * LOW HITPOINT WARNING * * *
You writhe in agony.
* * * LOW HITPOINT WARNING * * *
You hit Grinder but do no damage.
Grinder is moderately wounded.
Grinder closely misses you.
You hit Grinder. Your kick misses Grinder.
Grinder is moderately wounded.
Grinder gestures at you. You resist with significant effort.
You closely miss Grinder. You kick Grinder.
Grinder is heavily wounded.
Grinder hits you but does no damage. x2
You hit Grinder.
Grinder is heavily wounded.
Grinder hits you.
* * * LOW HITPOINT WARNING * * *
You writhe in agony.
* * * LOW HITPOINT WARNING * * *
Unknown command.
You hit Grinder but do no damage.
Grinder is heavily wounded.
Grinder says, "Tell me all your secrets, or I'll kill you."
Grinder barely misses you.
You hit Grinder. You kick Grinder.
Grinder is severely wounded.
Grinder gestures at you. Pain shoots through your body!
You die...

#.........#
...$(....
##.......##
#(........#
#.........#
#.........#
##....5(...#
#####.(...@....#
#.(...........##
...####.#.....##
#.#######
##5##########
#...........##
.###..........>.##
................<#
##...............#


You could see Grinder.

Vanquished Creatures
  2 ogres
  A phantom (D:5)
  2 orc priests (D:3)
  A gnoll bouda (D:4)
  A hound (D:4)
  Natasha (thrice) (D:2)
  Robin (D:3)
  4 gnolls (D:4)
  An adder (D:4)
  2 dart slugs (D:1)
  7 orcs
  6 endoplasms
  2 giant cockroaches
  19 goblins
  6 hobgoblins
  4 jackals (D:4)
  2 quokkas
  9 ball pythons
  5 bats
  4 frilled lizards
  7 kobolds
  4 rats
93 creatures vanquished.

Notes
Turn   | Place    | Note
-------+----------+-------------------------------------------
     0 | D:1      | javelincjr the Demonspawn Fighter began the quest for the
                  | Orb.
     0 | D:1      | Reached XP level 1. HP: 18/18 MP: 1/1
   194 | D:1      | Gained mutation: You are partially covered in yellow
                  | scales. (AC +2) [demonic ancestry]
   194 | D:1      | Reached XP level 2. HP: 24/24 MP: 2/2
   221 | D:1      | Found Taosmo Fubb's General Store.
   595 | D:1      | Reached XP level 3. HP: 29/29 MP: 3/3
   818 | D:2      | Noticed Natasha
   826 | D:2      | Killed Natasha
   827 | D:2      | Reached skill level 1 in Dodging
   926 | D:2      | Gained mutation: Spells you cast may paralyse adjacent
                  | enemies. [demonic ancestry]
   926 | D:2      | Reached XP level 4. HP: 35/35 MP: 4/4
  1070 | D:2      | Noticed Natasha
  1086 | D:2      | Killed Natasha
  1377 | D:2      | Noticed Natasha
  1394 | D:2      | Killed Natasha
  1907 | D:3      | Reached skill level 1 in Maces & Flails
  1907 | D:3      | Gained mutation: Spells you cast may paralyse nearby
                  | enemies. [demonic ancestry]
  1907 | D:3      | Reached XP level 5. HP: 24/42 MP: 4/6
  2051 | D:3      | Reached skill level 1 in Spellcasting
  2537 | D:3      | Noticed Robin
  2559 | D:3      | Killed Robin
  3010 | D:4      | Noticed an ogre
  3017 | D:4      | HP: 2/42 [ogre/+0 giant club (6)]
  3019 | D:4      | Killed an ogre
  3020 | D:4      | Reached skill level 4 in Fighting
  3020 | D:4      | Reached XP level 6. HP: 3/48 MP: 6/8
  3184 | D:4      | Found a broken altar of Ashenzari.
  3188 | D:4      | Saw a vision of the Swamp and the Spider Nest.
  3188 | D:4      | Noticed a bloated husk
  3188 | D:4      | Noticed a spriggan druid
  3188 | D:4      | Noticed a will-o-the-wisp
  3188 | D:4      | Noticed an eleionoma
  3188 | D:4      | Noticed a redback
  3188 | D:4      | Noticed a redback
  3188 | D:4      | Noticed a culicivora
  3188 | D:4      | Noticed a wolf spider
  3188 | D:4      | Noticed a torpor snail
  3188 | D:4      | Noticed an emperor scorpion
  3188 | D:4      | Noticed a tarantella
  3188 | D:4      | Noticed an orb spider
  3188 | D:4      | Noticed a wolf spider
  3189 | D:4      | Noticed a will-o-the-wisp
  3189 | D:4      | Noticed a wolf spider
  3189 | D:4      | Noticed an orb spider
  3189 | D:4      | Noticed a spriggan rider
  3189 | D:4      | Noticed a tarantella
  3191 | D:4      | Noticed a culicivora
  3863 | D:5      | Entered Level 5 of the Dungeon
  3888 | D:5      | Gained mutation: You have large cloven feet. [demonic
                  | ancestry]
  3888 | D:5      | Reached XP level 7. HP: 32/54 MP: 9/9
  3977 | D:5      | Noticed Grinder
  3996 | D:5      | Paralysed by Grinder for 4 turns
  4009 | D:5      | Paralysed by Grinder for 3 turns
  4020 | D:5      | Killed from afar by Grinder

Illustrated notes

Levels and vault maps discovered:
D:1:      dpeg_arrival_refuge, layout_loops_ring, serial_shops, shop,
          serial_bayou_ford_a, minmay_pentomino_s2
D:2:      layout_basic, st_stairs_3, uniq_natasha
D:3:      layout_basic, uniq_robin
D:4:      layout_loops_ring, grunt_ashenzari_visionary
          [grunt_ashenzari_visionary_swamp, grunt_ashenzari_visionary_spider],
          grunt_decor_arrowhead
D:5:      layout_rooms, serial_shops, nicolae_lakefront_shop, nicolae_wormholes,
          uniq_sigmund, uniq_grinder

Skill      XL: |  1  2  3  4  5  6  7 |
---------------+----------------------+-----
Polearms       | 2 |  2.3
Shields        | 3 |  3.9
Armour         | 3 |  3.9
Dodging        | 1 2 |  2.6
Maces & Flails | 1 2 |  2.2
Spellcasting   | 1 2 |  2.1
Fighting       | 4 |  4.3

Action                     |  1- 3 |  4- 6 |  7- 9 || total
---------------------------+-------+-------+-------++-------
  Melee: Trident           |    25 |       |       ||    25
         Whip              |    54 |   213 |    29 ||   296
         Kick              |       |       |     5 ||     5
  Throw: Dart              |       |       |     3 ||     3
         Throwing net      |       |       |     1 ||     1
    Use: Scroll            |       |     3 |       ||     3
 Armour: Scale mail        |    30 |    90 |     3 ||   123
  Dodge: Dodged            |    26 |    72 |     7 ||   105
  Block: Buckler           |    13 |    26 |       ||    39
         Kite shield       |       |    43 |     7 ||    50

Table legend: (Time is in decaauts)
 A = Elapsed time spent in this place.
 B = Non-inter-level travel time spent in this place.
 C = Inter-level travel time spent in this place.
 D = Time resting spent in this place.
 E = Time spent auto-exploring this place.
 F = Levels seen in this place.
 G = Mean time per level.
                   A        B        C        D        E       F      G
               +--------+--------+--------+--------+--------+-----+--------+
         Total |   4081 |   3913 |    168 |    344 |   2816 |   5 |  816.2 |
       Dungeon |   4081 |   3913 |    168 |    344 |   2816 |   5 |  816.2 |
               +--------+--------+--------+--------+--------+-----+--------+

Top non-repeatable levels by time:
     D:2: 1222 daAuts
     D:3: 985 daAuts
     D:4: 943 daAuts
     D:1: 767 daAuts
     D:5: 162 daAuts
